 Dungeon Crawl Stone Soup version 0.29-a0-553-g81b289dbe5 (webtiles) character file.

Game seed: 12386545198826188504

544 shadowstone the Shield-Bearer (level 7, -2/66 HPs)
             Began as a Gargoyle Fighter on June 6, 2022.
             Was a Believer of Wu Jian.
             Slain by a two-headed ogre
             ... wielding a +0 giant spiked club
              (19 damage)
             ... on level 5 of the Dungeon.
             The game lasted 00:08:02 (1768 turns).

shadowstone the Shield-Bearer (Gargoyle Fighter)    Turns: 1768, Time: 00:08:03

Health: -2/66      AC: 20    Str: 21    XL:     7   Next: 27%
Magic:  7/7        EV:  6    Int:  9    God:    Wu Jian [**....]
Gold:   159        SH:  4    Dex:  9    Spells: 6/6 levels left

rFire   . . .      SeeInvis .   k - +1 war axe (elec)
rCold   . . .      Faith    .   c - +0 buckler
rNeg    + . .      Spirit   .   o - +0 plate armour
rPois   ∞          Reflect  .   (no helmet)
rElec   +          Harm     .   (no cloak)
rCorr   .          Rampage  .   (no gloves)
Will    .....                   m - +2 pair of boots
Stlth   ..........              (no amulet)
HPRegen 0.21/turn               (no ring)
MPRegen 0.10/turn               (no ring)

@: berserking, very quick
A: sickness immunity, AC +4, negative energy resistance 1, electricity
resistance, torment resistance 1, petrification resistance
a: Renounce Religion, Wall Jump


You were on level 5 of the Dungeon.
You worshipped Wu Jian.
Wu Jian was pleased with you.
You visited 1 branch of the dungeon, and saw 5 of its levels.
You also visited: Sewer.

You collected 159 gold pieces.

Inventory:

Hand Weapons
 a - a +0 flail
 k - a +1 war axe of electrocution (weapon)
Missiles
 i - 6 poisoned darts (quivered)
Armour
 b - a +0 scale mail
 c - a +0 buckler (worn)
 f - a +0 pair of boots
 h - a +0 chain mail
 m - a +2 pair of boots (worn)
 o - a +0 plate armour (worn)
Wands
 n - a wand of charming (5)
 r - a wand of paralysis (8)
Scrolls
 e - 2 scrolls of immolation
 g - 3 scrolls of fog {unknown}
 l - a scroll of torment {unknown}
Potions
 d - a potion of might
 j - a potion of lignification {unknown}
 q - a potion of heal wounds {unknown}


   Skills:
 + Level 4.4 Fighting
 + Level 3.9(4.4) Axes
 + Level 3.3(4.4) Maces & Flails
 + Level 4.4 Armour
 + Level 0.7 Dodging
 + Level 0.1 Stealth
 + Level 4.7 Shields


You had 6 spell levels left.
You didn't know any spells.
Your spell library contained the following spells:

 Spells                   Type           Power      Damage    Failure   Level
 Apportation              Tloc           0%         N/A       100%        1
 Magic Dart               Conj           0%         1d3       100%        1
 Call Imp                 Summ           0%         N/A       100%        2
 Mephitic Cloud           Conj/Pois/Air  0%         N/A       100%        3
 Alistair's Intoxication  Tmut/Pois      0%         N/A       100%        5


Dungeon Overview and Level Annotations

Branches:
Dungeon (5/15)              Sewer (visited)
 Temple: D:4-7

Altars:
Wu Jian


Innate Abilities, Weirdness & Mutations

You are immune to sickness and miasma.
Your stone body is resilient. (AC +4)
You are immune to poison.
You resist negative energy. (rN+)
You are resistant to electric shocks. (rElec)
You are resistant to unholy torment.
You are immune to petrification.


Message History

You barely miss the adder.
The adder is severely wounded.
You closely miss the adder. The adder closely misses you.
The adder bites you but does no damage. x3
You hit the adder. Lightning courses through the adder!
You kill the adder!
The Council accepts your kill.
You hit the adder but do no damage. The adder bites you but does no damage.
The hound bites you but does no damage. The adder bites you but does no damage.
You slash the hound!
The hound is severely wounded.
You closely miss the adder. You block the hound's attack.
The adder closely misses you. The hound closely misses you.
You slash the hound!
You kill the hound!
The Council accepts your kill.
You barely miss the adder. You block the adder's attack.
The adder barely misses you.
You slash the two-headed ogre!
Lightning courses through the two-headed ogre!
The two-headed ogre is heavily wounded.
You miss the adder. The adder bites you but does no damage.
The two-headed ogre hits you with a +0 giant spiked club!
The two-headed ogre hits you with a +0 giant spiked club.
The adder bites you but does no damage.
You spin and attack the adder.
You slash the adder! Lightning courses through the adder!
You kill the adder!
The Council accepts your kill.
You spin to attack the two-headed ogre, but your attack speed is too slow for a blow to land.
An orc comes into view. It is wielding a +0 short sword.
The two-headed ogre barely misses you. You block the two-headed ogre's attack.
A red film seems to cover your vision as you go berserk!
You feel yourself moving faster!
You feel mighty!
You barely miss the two-headed ogre.
The two-headed ogre is heavily wounded.
The two-headed ogre hits you with a +0 giant spiked club!
* * * LOW HITPOINT WARNING * * *
The two-headed ogre hits you with a +0 giant spiked club!!
You die...

#.##.. #.#.. . +#.#' .
...###...###...
.......8....... #†)†#
#.'#.#+ #.. #O# #.. ##@##
#! ##...## ..
####.....####.#
...............#
##.............#
#.....#.......#
#.....#.......#
##########....##.......#
##..##...########.......#


You could see a two-headed ogre.

Vanquished Creatures
  The ghost of shadowstone the Shield-Bearer, an amateur GrFi of Xom (D:4)
  Pargi (Sewer)
  An ogre (D:4)
  2 hounds (D:5)
  2 iguanas (D:5)
  Terence (D:2)
  6 adders
  A gnoll (D:5)
  2 worms (D:2)
  A dart slug (D:1)
  3 orcs (D:5)
  6 ball pythons
  5 endoplasms
  4 giant cockroaches
  2 kobolds (D:3)
  A quokka (D:2)
  7 bats
  7 goblins
  6 rats
59 creatures vanquished.

Notes
Turn   | Place    | Note
-------+----------+-------------------------------------------
     0 | D:1      | shadowstone the Gargoyle Fighter began the quest for the
                  | Orb.
     0 | D:1      | Reached XP level 1. HP: 14/14 MP: 1/1
    83 | D:1      | Found a faded altar of an unknown god.
   174 | D:1      | Prayed at the altar of an unknown god.
   174 | D:1      | Became a worshipper of the Wu Jian Council
   174 | D:1      | Reached * piety under Wu Jian
   185 | D:1      | Reached XP level 2. HP: 15/19 MP: 2/2
   696 | D:2      | Noticed Terence
   712 | D:2      | Killed Terence
   713 | D:2      | Reached XP level 3. HP: 18/24 MP: 3/3
   780 | D:2      | Reached XP level 4. HP: 28/29 MP: 4/4
  1035 | D:3      | Reached ** piety under Wu Jian
  1084 | D:3      | Found a glowing drain.
  1111 | Sewer    | Entered a sewer
  1151 | Sewer    | Noticed Pargi
  1168 | Sewer    | Killed Pargi
  1169 | Sewer    | Reached skill level 1 in Axes
  1169 | Sewer    | Reached XP level 5. HP: 31/33 MP: 5/5
  1370 | D:4      | Noticed an ogre
  1377 | D:4      | Killed an ogre
  1378 | D:4      | Reached XP level 6. HP: 35/38 MP: 6/6
  1393 | D:4      | Found a runed translucent gate.
  1393 | D:4      | Found a runed translucent gate.
  1393 | D:4      | Found a runed translucent gate.
  1396 | D:4      | Noticed shadowstone's ghost (amateur GrFi)
  1409 | D:4      | Killed shadowstone's ghost
  1548 | D:5      | Entered Level 5 of the Dungeon
  1754 | D:5      | Reached XP level 7. HP: 41/44 MP: 7/7
  1758 | D:5      | Noticed a two-headed ogre
  1768 | D:5      | Slain by a two-headed ogre

Illustrated notes

Levels and vault maps discovered:
D:1:      scummos_arrival_simple_crosswalls, layout_basic,
          hellmonk_ecumenical_altar_blasted
D:2:      layout_loops_ring, nicolae_figureground_sparkle, uniq_terence
D:3:      layout_basic, portal_sewer_entry_b
D:4:      layout_layer_cave, ebering_ghost_rock_garden,
          chequers_serial_rivers_small_b
D:5:      cheibrodos_barr_body, layout_gridville, uniq_pikel, uniq_blork_the_orc

Skill      XL: |  1  2  3  4  5  6 |
---------------+-------------------+-----
Maces & Flails | 3 |  3.3
Fighting       | 4 |  4.4
Axes           | 1 2 3 |  3.9
Armour         | 4 |  4.4
Shields        | 4 |  4.7
Dodging        | |  0.7
Stealth        | |  0.1

Action                   |  1- 3 |  4- 6 |  7- 9 || total
-------------------------+-------+-------+-------++-------
Melee: Flail             |    77 |       |       ||    77
       War axe           |       |    97 |    13 ||   110
Invok: Lunge             |     4 |     8 |       ||    12
       Whirlwind         |    10 |    20 |     3 ||    33
  Use: Potion            |       |       |     1 ||     1
Armor: Scale mail        |    10 |       |       ||    10
       Chain mail        |    18 |    95 |       ||   113
       Plate armour      |       |    38 |    12 ||    50
Dodge: Dodged            |    41 |    45 |    10 ||    96
Block: Buckler           |    17 |    41 |     6 ||    64

Table legend: (Time is in decaauts)
 A = Elapsed time spent in this place.
 B = Non-inter-level travel time spent in this place.
 C = Inter-level travel time spent in this place.
 D = Time resting spent in this place.
 E = Time spent auto-exploring this place.
 F = Levels seen in this place.
 G = Mean time per level.
                   A        B        C        D        E       F      G
               +--------+--------+--------+--------+--------+-----+--------+
         Total |   1828 |   1828 |      0 |     73 |      0 |   6 |  304.7 |
       Dungeon |   1706 |   1706 |      0 |     73 |      0 |   5 |  341.2 |
         Sewer |    122 |    122 |      0 |      0 |      0 |   1 |  122.0 |
               +--------+--------+--------+--------+--------+-----+--------+

Top non-repeatable levels by time:
     D:1: 562 daAuts
     D:2: 363 daAuts
     D:3: 286 daAuts
     D:4: 268 daAuts
     D:5: 225 daAuts
   Sewer: 122 daAuts
